 Dungeon Crawl Stone Soup version 0.30-a0-165-g1891117ce2 (webtiles) character file.

Game seed: 10490115463097908560

47 qw the Chopper (level 3, 0/23 HPs)
             Began as a Gargoyle Fighter on Sept 28, 2022.
             Slain by a black bear (1 damage)
             ... on level 2 of the Dungeon.
             The game lasted 00:00:33 (1007 turns).

qw the Chopper (Gargoyle Fighter)                   Turns: 1007, Time: 00:00:34

Health: 0/23       AC: 11    Str: 21    XL:     3   Next: 70%
Magic:  3/3        EV:  9    Int:  8    God:
Gold:   97         SH:  4    Dex:  9    Spells: 2/2 levels left

rFire   . . .      SeeInvis .    Y - +0 war axe
rCold   . . .      Faith    .    c - +0 buckler
rNeg    + . .      Spirit   .    b - +0 scale mail
rPois   inf        Reflect  .    (no helmet)
rElec   +          Harm     .    g - +0 cloak
rCorr   .          Rampage  .    (no gloves)
Will    .....                    (no boots)
Stlth   ..........               (no amulet)
HPRegen 0.07/turn                (no ring)
MPRegen 0.08/turn                (no ring)

@: about to teleport
A: sickness immunity, AC +3, negative energy resistance 1, electricity
resistance, torment resistance 1, petrification resistance
a: no special abilities


You were on level 2 of the Dungeon.
You visited 1 branch of the dungeon, and saw 2 of its levels.

You collected 97 gold pieces.


Innate Abilities, Weirdness & Mutations

You are immune to sickness and miasma.
Your stone body is resilient. (AC +3)
You are immune to poison.
You resist negative energy. (rN+)
You are resistant to electric shocks. (rElec)
You are resistant to unholy torment.
You are immune to petrification.


   Skills:
 - Level 3.2 Fighting
 + Level 3.6 Axes
 - Level 3.2 Armour
 - Level 3.2 Shields


You had 2 spell levels left.
You didn't know any spells.
Your spell library was empty.

Inventory:

Hand Weapons
 h - a +0 mace
 Y - a +0 war axe (weapon)
Armour
 b - a +0 scale mail (worn)
 c - a +0 buckler (worn)
 g - a +0 cloak (worn)
Jewellery
 a - a +6 ring of dexterity
Scrolls
 k - a scroll of enchant armour {unknown}
Potions
 d - a potion of might
 e - a potion of flight {unknown}
 i - 2 potions of lignification {unknown}
 j - a potion of cancellation {unknown}
 m - a potion of heal wounds {unknown}

Dungeon Overview and Level Annotations

Branches:
Dungeon (2/15)

Altars:


Message History

You hit the black bear but do no damage.
The black bear is lightly wounded.
You hear an angry hiss.
The black bear barely misses you.
The black bear claws you but does no damage. x2
You hit the black bear but do no damage.
The black bear is lightly wounded.
The black bear bites you. The black bear barely misses you.
The black bear claws you but does no damage.
You block the black bear's attack. x2
The black bear claws you but does no damage.
You hit the black bear but do no damage.
The black bear is lightly wounded.
The black bear bites you.
The black bear claws you but does no damage. x2
You barely miss the black bear.
The black bear is lightly wounded.
The black bear bites you but does no damage.
The black bear closely misses you.
The black bear claws you but does no damage.
You closely miss the black bear.
The black bear is lightly wounded.
The black bear bites you but does no damage.
The black bear claws you but does no damage. x2
The black bear bites you. The black bear completely misses you.
The black bear claws you but does no damage.
You barely miss the black bear.
The black bear is lightly wounded.
The black bear barely misses you. The black bear claws you.
You block the black bear's attack.
You slash the black bear!
The black bear is heavily wounded.
The black bear bites you!
The black bear claws you but does no damage.
You block the black bear's attack.
1007 ||| READING scroll of teleportation.
As you read the scroll of teleportation, it crumbles to dust.
You feel strangely unstable. The black bear bites you.
You die...

..(.................#
######.##.#########.#
....##....# #.#
....##..### #.#
....##..# ####.#
....##..# ######.#..#
....##..# #.#.....#.#
....#...###..#.######
###......##.####@#.S#
#......##.#....h#.#
........##.%#.####.#
###......####### S#
#......# .# .......#
## ##......# #.######


You could see a black bear.

Vanquished Creatures
  An adder (D:2)
  A ball python (D:1)
  3 bats
  5 endoplasms
  3 giant cockroaches (D:1)
  3 hobgoblins (D:1)
  2 jackals (D:1)
  2 quokkas (D:1)
  3 frilled lizards
  4 kobolds (D:1)
  9 rats
36 creatures vanquished.

Notes
Turn   | Place    | Note
-------+----------+-------------------------------------------
     0 | D:1      | qw the Gargoyle Fighter began the quest for the Orb.
     0 | D:1      | Reached XP level 1. HP: 14/14 MP: 1/1
     0 | D:1      | 0 ||| qw: Version: 0.2-a-12-gaebbb33
     0 | D:1      | 0 ||| qw: Game counter: 898
     0 | D:1      | 0 ||| qw: Always use a shield: true
     0 | D:1      | 0 ||| qw: God list: Okawaru
     0 | D:1      | 0 ||| qw: Allow faded altars: false
     0 | D:1      | 0 ||| qw: Do Orc after D:15 true
     0 | D:1      | 0 ||| qw: Do second Lair branch before Depths: true
     0 | D:1      | 0 ||| qw: Lair rune preference: random
     0 | D:1      | 0 ||| qw: Plans: Normal, Zot:1-4, God:TSO, Crypt, Tomb,
                  | Pan, Slime:5, Hells, Abyss, Orb
     0 | D:1      | 0 ||| PLANNING D:1-11
   112 | D:1      | Reached XP level 2. HP: 19/19 MP: 2/2
   118 | D:1      | Found a faded altar of an unknown god.
   170 | D:1      | 170 ||| Stepping ~*~*~tactically~*~*~ (stealth).
   234 | D:1      | 234 ||| Stepping ~*~*~tactically~*~*~ (stealth).
   251 | D:1      | 251 ||| Stepping ~*~*~tactically~*~*~ (stealth).
   280 | D:1      | 280 ||| Stepping ~*~*~tactically~*~*~ (stealth).
   290 | D:1      | Reached skill level 3 in Axes
   350 | D:1      | Reached XP level 3. HP: 21/23 MP: 3/3
   728 | D:1      | 728 ||| UPGRADING to +0 cloak.
   733 | D:1      | 733 ||| READING scroll labelled DEHOCL RAMOURGH.
   734 | D:1      | 734 ||| READING 2 scrolls labelled SUETOE AVO HUZ.
   737 | D:1      | 737 ||| READING 3 scrolls labelled GIGUEQETSE.
   738 | D:1      | 738 ||| READING scroll labelled GOFRAM IKHLICVI.
   739 | D:1      | 739 ||| DROPPING 2 scrolls of amnesia.
   995 | D:2      | Noticed a black bear
   997 | D:2      | 997 ||| Stepping ~*~*~tactically~*~*~ (stealth).
   999 | D:2      | 999 ||| Stepping ~*~*~tactically~*~*~ (stealth).
  1006 | D:2      | HP: 1/23 [black bear (7)]
  1007 | D:2      | 1007 ||| READING scroll of teleportation.
  1007 | D:2      | Slain by a black bear

Levels and vault maps discovered:
D:1:      dpeg_arrival_three_bigger_balls, layout_rooms,
          dilly_ecumenical_altar_fadedgnrine, minmay_three_crescents
D:2:      minmay_angry_zag, layout_basic, kennysheep_generic_room_11

Skill      XL: |  1  2 |
---------------+-------+-----
Axes           | 2 3 |  3.6
Fighting       | |  3.2
Armour         | |  3.2
Shields        | |  3.2

Action                   || total
-------------------------++-------
Melee: War axe           ||   118
  Use: Scroll            ||     5
Armor: Scale mail        ||    89
Dodge: Dodged            ||    59
Block: Buckler           ||    21

Table legend:
 A = Non-vault XP
 B = Vault XP
 C = Vault XP percentage of total XP
 D = Non-vault monster count
 E = Vault monster count
 F = Vault count percentage of total count
                 A         B        C        D         E       F
            +---------+---------+-------+---------+---------+-------
      Total |      54 |      14 |  20.6 |      27 |       9 |  25.0
            +---------+---------+-------+---------+---------+-------
        D:1 |      39 |      10 |  20.4 |      24 |       6 |  20.0
        D:2 |      15 |       4 |  21.1 |       3 |       3 |  50.0
            +---------+---------+-------+---------+---------+-------
